 Dungeon Crawl Stone Soup version 0.26.0-10-g1f06aea511 (webtiles) character file.

Game seed: 2527957343510337222

277 Borgoz the Slasher (level 6, 0/51 HPs)
             Began as a Ghoul Gladiator on Jan 13, 2021.
             Slain by a bullfrog skeleton (3 damage)
             ... on level 4 of the Dungeon.
             The game lasted 00:03:31 (3350 turns).

Borgoz the Slasher (Ghoul Gladiator)                Turns: 3350, Time: 00:03:32

Health: 0/51       AC:  5    Str: 18    XL:     6   Next: 26%
Magic:  5/5        EV: 13    Int:  3    God:
Gold:   150        SH:  0    Dex: 12    Spells: 5/5 levels left

rFire    . . .     SeeInvis .   a - +0 long sword
rCold    + . .     Faith    .   (no shield)
rNeg     + + +     Spirit   .   b - +0 leather armour
rPois    ∞         Reflect  .   c - +0 helmet
rElec    .         Harm     .   (no cloak)
rCorr    .         Rampage  .   d - +0 pair of gloves
Will     .....                  (no boots)
Stlth    +.........             j - amulet of regeneration
HPRegen  0.00/turn              (no ring)
MPRegen  0.09/turn              (no ring)

@: no status effects
A: claws 1, cold resistance 1, negative energy resistance 3, inhibited
regeneration, torment resistance, unbreathing
a: no special abilities


You were on level 4 of the Dungeon.
You visited 1 branch of the dungeon, and saw 4 of its levels.

You collected 150 gold pieces.

Inventory:

Hand Weapons
 a - a +0 long sword (weapon)
Armour
 b - a +0 leather armour (worn)
 c - a +0 helmet (worn)
 d - a +0 pair of gloves (worn)
Jewellery
 j - an amulet of regeneration (around neck)
Scrolls
 f - a scroll of remove curse
 i - 2 scrolls of teleportation {unknown}
 k - 2 scrolls of immolation {unknown}
 l - a scroll of identify
Potions
 e - a potion of brilliance {unknown}
 g - a potion of heal wounds {unknown}
 h - a potion of curing


   Skills:
 + Level 3.6 Fighting
 * Level 4.4 Long Blades
 - Level 1.7 Throwing
 + Level 2.2 Armour
 + Level 3.6 Dodging


You had 5 spell levels left.
You didn't know any spells.
Your spell library was empty.

Dungeon Overview and Level Annotations

Branches:
Dungeon (4/15)
 Temple: D:4-7

Altars:
Elyvilon
Kikubaaqudgha
Okawaru
Vehumet
Xom

Annotations:
D:2 Grinder


Innate Abilities, Weirdness & Mutations

You thrive by killing the living.
You are immune to poison.
You have sharp fingernails.
Your flesh is cold resistant. (rC+)
You are immune to negative energy. (rN+++)
You do not regenerate when monsters are visible.
You are immune to unholy pain and torment.
You can survive without breathing.


Message History

You barely miss the bullfrog skeleton.
The bullfrog skeleton is severely damaged.
The bullfrog skeleton misses you. The ogre closely misses you.
The bullfrog skeleton hits you.
You hit the bullfrog skeleton.
The bullfrog skeleton is severely damaged.
The ogre hits you with a +0 giant club!!
The bullfrog skeleton hits you.
You are too injured to fight recklessly!
You are too injured to fight recklessly!
You are too injured to fight recklessly!
You are too injured to fight recklessly!
You are too injured to fight recklessly!
You are too injured to fight recklessly!
The ogre hits you with a +0 giant club!
* * * LOW HITPOINT WARNING * * *
You see here a bardiche.
The bullfrog skeleton misses you. The bullfrog skeleton hits you.
You die...

.....)...#.####.......
.....#####..##........
..#### ##...........
### ##..........
##......... #.O.......
##..###### ##Z## ##@##
#..#######
###........######.
#.......(........#
#................#
#...............###
...######.....### .##
#####..# #..#


You could see an ogre and a bullfrog skeleton.

Vanquished Creatures
  An ogre (D:3)
  An orc wizard (D:3)
  3 gnolls (D:3)
  4 adders (D:3)
  A worm (D:2)
  2 dart slugs
  7 leopard geckos
  4 orcs (D:3)
  2 bats
  7 giant cockroaches
  8 goblins
  4 hobgoblins
  8 jackals (D:1)
  2 quokkas (D:3)
  A ball python (D:4)
  4 frilled lizards
  11 kobolds
  9 rats
79 creatures vanquished.

Notes
Turn   | Place    | Note
-------+----------+-------------------------------------------
     0 | D:1      | Borgoz the Ghoul Gladiator began the quest for the Orb.
     0 | D:1      | Reached XP level 1. HP: 17/17 MP: 0/0
   189 | D:1      | Reached XP level 2. HP: 20/25 MP: 1/1
   276 | D:1      | Reached skill level 3 in Long Blades
   489 | D:1      | Reached XP level 3. HP: 30/30 MP: 2/2
   761 | D:1      | Reached skill level 1 in Armour
  1365 | D:2      | Found a radiant altar of Vehumet.
  1376 | D:2      | Found a shimmering altar of Xom.
  1376 | D:2      | Found a white marble altar of Elyvilon.
  1381 | D:2      | Found an iron altar of Okawaru.
  1381 | D:2      | Found an ancient bone altar of Kikubaaqudgha.
  1465 | D:2      | Reached XP level 4. HP: 30/37 MP: 3/3
  1834 | D:3      | Noticed Grinder
  1857 | D:2      | Paralysed by Grinder for 4 turns
  1867 | D:2      | HP: 1/37 [Grinder (6)]
  1869 | D:2      | Paralysed by Grinder for 4 turns
  2265 | D:3      | Noticed an ogre
  2277 | D:3      | Killed an ogre
  2278 | D:3      | Reached XP level 5. HP: 38/45 MP: 4/4
  2283 | D:3      | Reached skill level 4 in Long Blades
  2672 | D:3      | Reached XP level 6. HP: 40/51 MP: 5/5
  3333 | D:4      | HP: 2/51 [ogre/+0 giant club (14)]
  3350 | D:4      | Slain by a bullfrog skeleton

Illustrated notes

Levels and vault maps discovered:
D:1:      lightli_arrival_farm, layout_loops_ring
D:2:      layout_loops_ring, overflow_temple_1_default,
          chequers_temple_overflow_statue_of_worship, hex_tiny,
          minmay_misc_feat_alley
D:3:      layout_basic, minmay_misc_feat_plants, uniq_grinder
D:4:      layout_cave_pods, minmay_shop_mass

Skill      XL: |  1  2  3  4  5 |
---------------+----------------+-----
Long Blades    | 3 4 |  4.4
Dodging        | 3 |  3.6
Armour         | 1 2 |  2.2
Fighting       | 3 |  3.6
Throwing       | |  1.7

Action                   |  1- 3 |  4- 6 || total
-------------------------+-------+-------++-------
Melee: Long sword        |   117 |   117 ||   234
Throw: Throwing net      |       |     6 ||     6
  Use: Scroll            |     3 |       ||     3
       Potion            |       |     4 ||     4
 Stab: Held in net/web   |       |     2 ||     2
Armor: Leather armour    |    24 |    29 ||    53
Dodge: Dodged            |    80 |   100 ||   180
       Rpst.: Long sword |    26 |    31 ||    57
